 Dungeon Crawl Stone Soup version 0.25-a0-614-g73ad250637 (webtiles) character file.

Game seed: 7391162663127160001, levelgen mode: deterministic

16751 n0claF the Severer (level 12, -5/110 HPs)
             Began as a Hill Orc Monk on Mar 17, 2020.
             Was the Champion of Beogh.
             Slain by a five-headed hydra (14 damage)
             ... on level 12 of the Dungeon.
             The game lasted 00:38:50 (13222 turns).

n0claF the Severer (Hill Orc Monk)                 Turns: 13222, Time: 00:38:51

Health: -5/110     AC: 12    Str: 19    XL:     12   Next: 40%
Magic:  12/12      EV: 11    Int: 10    God:    Beogh [******]
Gold:   778        SH: 14    Dex: 13    Spells: 11/11 levels left

rFire    . . .     SeeInvis .   E - +3 war axe (freeze)
rCold    . . .     Gourm    .   g - +0 kite shield
rNeg     . . .     Faith    .   G - +0 steam dragon scales
rPois    .         Spirit   .   (no helmet)
rElec    .         Reflect  +   z - +0 cloak
rCorr    .         Harm     .   (no gloves)
MR       .....                  u - +2 pair of boots
Stlth    ++........             D - +3 amulet of reflection
HPRegen  0.28/turn              (no ring)
MPRegen  0.13/turn              (no ring)

@: mighty
A: walk on water
a: Smiting, Recall Orcish Followers, Give Item to Named Follower, Resurrection,
Renounce Religion


You were on level 12 of the Dungeon.
You worshipped Beogh.
Beogh was exalted by your worship.
You were not hungry.

You visited 1 branch of the dungeon, and saw 12 of its levels.
You also visited: Ossuary and Bailey.

You collected 778 gold pieces.

Inventory:

Hand Weapons
 v - a +2 dagger of venom
   (You found it on level 2 of the Dungeon)
 w - a cursed +5 dire flail of freezing
   (You took it off a wight on level 9 of the Dungeon)
 E - a +3 war axe of freezing (weapon)
   (You took it off an orc on level 4 of the Dungeon)
 L - a +2 halberd of electrocution
   (You took it off a gnoll in a bailey)
 N - a +4 hand axe of venom
   (You found it on level 10 of the Dungeon)
 O - a +3 hand axe
   (You found it on level 10 of the Dungeon)
Missiles
 b - a throwing net (quivered) {!f}
Armour
 g - a +0 kite shield (worn)
   (You found it on level 2 of the Dungeon)
 q - a +0 hat
   (You took it off Gastronok on level 10 of the Dungeon)
 u - a +2 pair of boots (worn)
   (You found it on level 2 of the Dungeon)
 z - a +0 cloak (worn)
   (You found it on level 3 of the Dungeon)
 G - +0 steam dragon scales (worn)
   (You took it off Maggie on level 7 of the Dungeon)
 P - a +2 cloak
   (You found it on level 11 of the Dungeon)
Jewellery
 h - an uncursed ring of fire
   (You found it on level 1 of the Dungeon)
 D - a +3 amulet of reflection (around neck)
   (You found it on level 4 of the Dungeon)
Wands
 d - a wand of iceblast (9)
   (You found it on level 7 of the Dungeon)
 s - a wand of scattershot (7)
   (You found it on level 6 of the Dungeon)
 t - a wand of flame (18)
   (You found it on level 12 of the Dungeon)
 x - a wand of acid (9)
   (You found it on level 6 of the Dungeon)
 B - a wand of polymorph (9)
   (You took it off Ijyb on level 4 of the Dungeon)
 C - a wand of enslavement (8)
   (You found it on level 7 of the Dungeon)
Scrolls
 c - 4 scrolls of identify {@r1}
 i - 3 scrolls of remove curse {@r2}
 l - 7 scrolls of teleportation {@r4}
 m - 6 scrolls of enchant weapon
 I - 2 scrolls of blinking
 J - a scroll of acquirement {unknown}
 M - 3 scrolls of enchant armour
Potions
 a - 5 potions of mutation {!q}
 f - 2 potions of ambrosia {unknown}
 j - 8 potions of curing {@q1}
 k - 4 potions of magic
 n - 3 potions of stabbing
 o - 2 potions of flight {unknown}
 p - a potion of degeneration {unknown}
 r - 2 potions of haste {@q3}
 y - a potion of cancellation {unknown}
 A - 5 potions of heal wounds {@q2}
 H - a potion of brilliance {unknown}
 K - a potion of experience {unknown}
Comestibles
 e - 22 rations {!d}
 Q - 5 chunks of flesh


   Skills:
 + Level 11.2 Fighting
 - Level 16.0 Axes
 + Level 9.8 Armour
 - Level 2.4 Dodging
 - Level 1.5 Stealth
 + Level 9.6 Shields


You had 11 spell levels left.
You didn't know any spells.
Your spell library contained the following spells:

 Spells                   Type           Power        Failure   Level  Hunger
 Animate Skeleton         Necr           N/A          58%         1    ##.....
 Apportation              Tloc           #.....       58%         1    ##.....
 Corona                   Hex            #......      58%         1    ##.....
 Summon Small Mammal      Summ           #...         58%         1    ##.....
 Ensorcelled Hibernation  Hex/Ice        #.....       75%         2    ###....
 Confusing Touch          Hex            #.......     92%         3    ####...
 Dazzling Flash           Conj/Hex       #.....       92%         3    ####...
 Tukima's Dance           Hex            #.......     92%         3    ####...


Dungeon Overview and Level Annotations

Branches:
Dungeon (12/15)            Temple (0/1) D:5            Lair (0/6) D:9
    Orc (0/2) D:9         Ossuary (visited)          Bailey (visited)

Altars:
Fedhas
Hepliaklqana
Qazlal
Ru
Yredelemnul
The Shining One

Portals:
Trove: D:10 (give 5 potions of resistance)

Annotations:
D:5 exclusion: door
D:12 1 transporter, Xogiet's ghost, journeyman GrGl


Message History

Your orc hits the acid dragon with a +0 flail.
You turn to flesh and can move again.
Unknown command.
There's nobody here you can resurrect.
Unknown command.
You feel much better.
Your orc knight is no longer petrified.
Xogiet's ghost hits you!
* * * LOW HITPOINT WARNING * * *
You block the moth of wrath's attack.
Your orc hits the acid dragon with a +0 flail.
Your orc knight barely misses the moth of wrath.
You feel very mighty all of a sudden.
Bogdan no longer looks unusually strong.
Xogiet's ghost barely misses you. You block the moth of wrath's attack.
Bogdan misses Xogiet's ghost.
You feel much better.
The four-headed hydra is no longer petrified.
Your orc warrior no longer looks unusually strong.
Your orc warrior is no longer petrified.
Your orc hits the acid dragon with a +0 flail.
Xogiet's ghost hits you!!
* * * LOW HITPOINT WARNING * * *
Your orc knight barely misses the moth of wrath.
Your orc warrior hits the moth of wrath with a cursed -1 long sword!
You block the four-headed hydra's attack.
The four-headed hydra bites you.
* * * LOW HITPOINT WARNING * * *
The four-headed hydra bites you but does no damage.
The four-headed hydra bites you.
* * * LOW HITPOINT WARNING * * *
The moth of wrath goads the four-headed hydra on!
The four-headed hydra goes berserk!
Bogdan hits Xogiet's ghost but does no damage.
Xogiet's ghost disappears!
You closely miss the moth of wrath.
You chop one of the four-headed hydra's heads off!
The three-headed hydra grows two more!
You slice the five-headed hydra!!
The five-headed hydra seems to slow down.
You freeze the five-headed hydra. The moth of wrath bites you.
* * * LOW HITPOINT WARNING * * *
Your orc warrior hits the moth of wrath with a cursed -1 long sword!
Your orc hits the acid dragon with a +0 flail!
You block the five-headed hydra's attack.
The five-headed hydra bites you!
* * * LOW HITPOINT WARNING * * *
The five-headed hydra bites you!
* * * LOW HITPOINT WARNING * * *
The five-headed hydra bites you!
You die...

..(# #.#####.....^.......#####
...# ###...................# ...#
##...####.©.####.o###..##### ...#
#..### #####..##.###....... ...#
#.##..#.[!!$....#..##....... ...#
#.#....###oo.##.##.##.>.....
...###.##.#...oo#o....#.##..#####
........#...#?ooyY##..#...o.#
........#..##..#@D.D..#.###.#
........#....#..o#D..##.# #.#
........##......#D...#..# #o#
.........##©###..#####.## #o#
..........###©####.....# #o#
...................##### #o#
..........###.#..### #o#####
.................#


#oooooo ################## ####### You could see a catoblepas (berserk), a
five-headed hydra (berserk), a moth of wrath, 3 acid dragons, 2 friendly orc
knights, 2 friendly orc warriors, the friendly Bogdan the orc warrior and 2
friendly orcs.

Vanquished Creatures
  A two-headed ogre (D:10)
  Pikel (D:9)
  A manticore (D:12)
  An ugly thing (D:11)
  Maurice (D:10)
  A gargoyle (D:12)
  A kobold demonologist (D:12)
  A komodo dragon (D:10)
  A hornet (D:12)
  Grinder (D:4)
  3 wyverns
  A soldier ant (D:8)
  2 water moccasins
  A black bear (D:6)
  3 ice beasts
  2 slaves (D:9)
  2 phantoms
  2 sky beasts
  3 centaurs
  4 ogres
  A big kobold (D:9)
  3 elf zombies (Ossuary)
  4 bullfrogs
  An elf skeleton (D:9)
  3 scorpions
  A wyvern skeleton (D:10)
  8 wights
  3 howler monkeys
  An electric eel (D:5)
  3 crimson imps
  2 quasits
  3 centaur zombies
  8 human zombies
  7 jellies
  7 hounds
  2 orc priests
  4 orc wizards
  2 centaur skeletons
  Ijyb (D:4)
  2 iguanas
  8 worker ants
  2 hound zombies (Ossuary)
  7 mummies
  17 gnolls
  7 adders
  2 shadow imps
  5 oozes
  5 adder zombies
  2 worms
  2 dart slugs (D:1)
  5 leopard geckos
  15 orcs
  A ball python (D:6)
  4 giant cockroaches
  3 goblins
  15 hobgoblins
  3 jackals
  6 quokkas
  4 bats
  3 frilled lizards
  A gnoll zombie (Ossuary)
  2 goblin zombies (Ossuary)
  2 hobgoblin zombies (Ossuary)
  A jackal zombie (Ossuary)
  25 kobolds
  3 kobold zombies (Ossuary)
  A leopard gecko zombie (D:6)
  2 orc zombies (Ossuary)
  A quokka skeleton (D:4)
  2 quokka zombies (Ossuary)
  3 rats
  6 rat zombies (Ossuary)
264 creatures vanquished.

Vanquished Creatures (collateral kills)
  Gastronok (D:10)
  Frances (D:12)
  A fire dragon (D:12)
  Erolcha (D:11)
  The ghost of Rotter5 the Fighter, a journeyman DrIE of Sif Muna (D:11)
  3 two-headed ogres
  An unseen horror (D:12)
  A wolf spider zombie (D:12)
  An ugly thing (D:11)
  A moth of wrath (D:12)
  Maggie (D:7)
  2 trolls
  A hippogriff (D:10)
  A wyvern (D:9)
  3 hungry ghosts
  A neqoxec (D:11)
  A soldier ant (D:12)
  An acid dragon (D:11)
  2 ice beasts
  2 ogres
  A phantom (D:10)
  A centaur (D:8)
  A crocodile (D:11)
  A big kobold (D:12)
  3 bullfrogs
  A scorpion (D:11)
  7 wights
  2 electric eels (D:5)
  A bullfrog zombie (D:5)
  2 crimson imps
  A quasit (D:11)
  An orc priest (D:9)
  An orc wizard (D:9)
  2 bullfrog skeletons
  A worker ant zombie (D:11)
  An adder (D:10)
  An ooze (D:8)
  An orc (D:11)
56 creatures vanquished.

Vanquished Creatures (others)
  2 orc knights (D:12)
  A cyclops (D:11)
  2 orc warriors
  3 centaurs
  3 orc priests
  2 orc wizards
  13 orcs
  2 kobolds (Bailey)
28 creatures vanquished.

Grand Total: 348 creatures vanquished

Notes
Turn   | Place    | Note
-------+----------+-------------------------------------------
     0 | D:1      | n0claF the Hill Orc Monk began the quest for the Orb.
     0 | D:1      | Reached XP level 1. HP: 19/19 MP: 1/1
    47 | D:1      | Reached XP level 2. HP: 9/27 MP: 2/2
   442 | D:1      | Reached skill level 1 in Armour
   652 | D:1      | Reached XP level 3. HP: 22/33 MP: 3/3
  1058 | D:2      | Reached skill level 5 in Axes
  1347 | D:2      | Found a glowing golden altar of the Shining One.
  1524 | D:3      | Noticed a sky beast
  1542 | D:3      | Killed a sky beast
  1542 | D:3      | Reached skill level 1 in Shields
  1542 | D:3      | Reached XP level 4. HP: 11/41 MP: 4/4
  1542 | D:3      | Reached XP level 5. HP: 13/47 MP: 5/5
  1783 | D:3      | Became a worshipper of Beogh the Brigand
  1783 | D:3      | Reached * piety under Beogh
  1783 | D:3      | Reached ** piety under Beogh
  2176 | D:3      | Reached skill level 6 in Axes
  2347 | D:3      | Found a sacrificial altar of Ru.
  2544 | D:4      | Reached XP level 6. HP: 55/55 MP: 6/6
  2593 | D:4      | Noticed Grinder
  2617 | D:4      | Reached skill level 5 in Fighting
  2640 | D:4      | Killed Grinder
  2640 | D:4      | Reached skill level 7 in Axes
  2640 | D:4      | Reached XP level 7. HP: 26/61 MP: 7/7
  3220 | D:4      | Reached *** piety under Beogh
  3677 | D:4      | Noticed Ijyb
  3687 | D:4      | Killed Ijyb
  3749 | D:5      | Entered Level 5 of the Dungeon
  3797 | D:5      | Found a sand-covered staircase.
  3806 | Ossuary  | Entered an ossuary
  3855 | Ossuary  | Reached skill level 8 in Axes
  4007 | Ossuary  | Reached XP level 8. HP: 55/70 MP: 8/8
  4291 | D:5      | Reached skill level 9 in Axes
  4412 | D:5      | Found a staircase to the Ecumenical Temple.
  4432 | D:5      | Gained Orgrim as an ally
  4679 | D:5      | Reached **** piety under Beogh
  4755 | D:5      | Your ally Orgrim died
  5478 | D:6      | Reached skill level 5 in Armour
  5487 | D:6      | Reached skill level 10 in Axes
  5562 | D:6      | Reached XP level 9. HP: 70/79 MP: 9/9
  5915 | D:6      | Reached skill level 5 in Shields
  6448 | D:7      | Noticed Maggie
  6464 | D:7      | Killed Maggie
  6464 | D:7      | Reached skill level 11 in Axes
  7004 | D:8      | Found a stormy altar of Qazlal.
  7103 | D:8      | Reached ***** piety under Beogh
  7106 | D:8      | Reached XP level 10. HP: 78/88 MP: 10/10
  7451 | D:9      | Reached skill level 12 in Axes
  7860 | D:9      | Noticed Pikel
  7867 | D:9      | Killed Pikel
  7985 | D:9      | Found a staircase to the Orcish Mines.
  8074 | D:9      | Found a staircase to the Lair.
  8123 | D:9      | Gained Bogdan as an ally
  8190 | D:9      | Found a basalt altar of Yredelemnul.
  8228 | D:9      | Reached skill level 13 in Axes
  8350 | D:9      | Found a blossoming altar of Fedhas.
  8350 | D:9      | Found a hazy altar of Hepliaklqana.
  8559 | D:10     | Entered Level 10 of the Dungeon
  8559 | D:10     | Noticed Maurice
  8685 | D:10     | Found a flagged portal.
  8698 | D:10     | Killed Maurice
  8703 | Bailey   | Entered a bailey
  9037 | Bailey   | Noticed an orc knight
  9482 | D:10     | Noticed Gastronok
  9492 | D:10     | Killed Gastronok
  9492 | D:10     | Reached XP level 11. HP: 68/99 MP: 11/11
  9636 | D:10     | Found a portal to a secret trove of treasure.
  9713 | D:10     | Noticed a two-headed ogre
  9722 | D:10     | Killed a two-headed ogre
  9722 | D:10     | Reached skill level 14 in Axes
  9888 | D:10     | Noticed a two-headed ogre
  9896 | D:10     | Killed a two-headed ogre
  9896 | D:10     | Reached skill level 10 in Fighting
 10343 | D:11     | Noticed Erolcha
 10345 | D:11     | Killed Erolcha
 10389 | D:11     | Noticed a green ugly thing
 10408 | D:11     | Killed a green ugly thing
 10911 | D:11     | Noticed a cyclops
 10913 | D:11     | Killed a cyclops
 11182 | D:11     | Found a transporter.
 11225 | D:11     | Found a transporter.
 11250 | D:11     | Noticed Rotter5's ghost (journeyman DrIE)
 11529 | D:11     | Noticed a brown ugly thing
 11537 | D:11     | Killed a brown ugly thing
 11712 | D:11     | Killed Rotter5's ghost
 11712 | D:11     | Reached skill level 15 in Axes
 11713 | D:11     | Gained Beowulf as an ally
 11841 | D:12     | Noticed a two-headed ogre
 11850 | D:12     | Killed a two-headed ogre
 11850 | D:12     | Reached XP level 12. HP: 79/108 MP: 12/12
 11876 | D:12     | Gained Bogdan as an ally
 12017 | D:12     | Noticed a fire dragon
 12029 | D:12     | Found a transporter.
 12050 | D:12     | Noticed a two-headed ogre
 12056 | D:12     | Killed a two-headed ogre
 12078 | D:12     | Found a transporter.
 12687 | D:12     | Noticed Frances
 12704 | D:12     | Your ally Bogdan died
 12709 | D:12     | Killed Frances
 13131 | D:12     | Noticed Xogiet's ghost (journeyman GrGl)
 13140 | D:12     | Noticed a four-headed hydra
 13173 | D:12     | Noticed a catoblepas
 13211 | D:12     | Killed a fire dragon
 13217 | D:12     | Reached skill level 16 in Axes
 13218 | D:12     | Reached ****** piety under Beogh
 13222 | D:12     | Slain by a five-headed hydra

Levels and vault maps discovered:
D:1:      minmay_arrival_four_circles, layout_rooms, st_stairs_5
D:2:      layout_rooms, tso_oasis_becter, first_ration
D:3:      layout_loops_cross, lemuel_coloured_pillars_altar
D:4:      layout_basic, dk_rats_in_the_wall, uniq_ijyb, uniq_grinder
D:5:      cheibrodos_two_vegetables, layout_gridville, temple_pool_b,
          lightli_ossuary_entry_decrepit_ruins, kennysheep_generic_room_14
D:6:      layout_loops_ring, kennysheep_generic_room_13
D:7:      layout_gridville, uniq_maggie
D:8:      layout_loops_cross, kennysheep_mini, hangedman_little_slice_of_home
D:9:      minmay_ornate_pinched, layout_irregular_city,
          lemuel_mausoleum_altar_yredelemnul, gammafunk_temple_overflow_wave,
          uniq_pikel
D:10:     layout_cave_pods, nicolae_trove_entry_free_sample, enter_bailey_2,
          st_stairs_6, uniq_gastronok, uniq_maurice
D:11:     layout_basic, gammafunk_ghost_stat_death, uniq_erolcha
D:12:     layout_small_grid, gammafunk_ghost_berserking_beasts, uniq_frances

Skill      XL: |  1  2  3  4  5  6  7  8  9 10 11 12 |
---------------+-------------------------------------+-----
Armour         | 1 2 3 4 5 6 8 9 |  9.8
Fighting       | 4 5 6 7 8 9 10 11 | 11.2
Axes           | 5 6 7 8 10 11 13 15 16 | 16.0
Shields        | 1 2 3 4 6 8 9 |  9.6
Dodging        | |  2.4
Stealth        | |  1.5

Action                   |  1- 3 |  4- 6 |  7- 9 | 10-12 || total
-------------------------+-------+-------+-------+-------++-------
Melee: Hand axe          |    86 |       |       |       ||    86
       Dagger            |    17 |   123 |    53 |       ||   193
       War axe           |       |       |   322 |   406 ||   728
Invok: Convert to Beogh  |       |     1 |       |       ||     1
       Recall Orcish Fol |       |       |     1 |     3 ||     4
       Give Item to Name |       |       |       |     2 ||     2
  Use: Scroll            |       |       |    12 |     8 ||    20
       Potion            |       |       |       |     4 ||     4
 Stab: Sleeping          |     1 |       |     1 |    16 ||    18
       Distracted        |       |       |     3 |     3 ||     6
  Eat: Chunk             |     2 |     3 |    12 |    15 ||    32
       Ration            |       |       |     1 |     2 ||     3
Armor: Robe              |    15 |       |       |       ||    15
       Ring mail         |    25 |    28 |       |       ||    53
       Chain mail        |       |    19 |   114 |       ||   133
       Steam dragon scal |       |       |    17 |    69 ||    86
Dodge: Dodged            |    48 |    28 |    77 |   114 ||   267
Block: Kite shield       |     4 |    30 |   152 |   213 ||   399
       Reflection        |       |       |     6 |    24 ||    30

Table legend:
 A = Non-vault XP
 B = Vault XP
 C = Vault XP percentage of total XP
 D = Non-vault monster count
 E = Vault monster count
 F = Vault count percentage of total count
                 A         B        C        D         E       F
            +---------+---------+-------+---------+---------+-------
      Total |   15228 |    8703 |  36.4 |     204 |     119 |  36.8
            +---------+---------+-------+---------+---------+-------
        D:1 |      27 |       8 |  22.9 |      12 |       3 |  20.0
        D:2 |      18 |       0 |   0.0 |       8 |       0 |   0.0
        D:3 |     254 |       0 |   0.0 |      26 |       0 |   0.0
        D:4 |     287 |     276 |  49.0 |      18 |       2 |  10.0
        D:5 |     334 |     136 |  28.9 |      11 |       6 |  35.3
        D:6 |     552 |     116 |  17.4 |      13 |       2 |  13.3
        D:7 |     568 |     243 |  30.0 |       9 |       1 |  10.0
        D:8 |    1296 |     158 |  10.9 |      23 |       8 |  25.8
        D:9 |    1555 |    1529 |  49.6 |      25 |      19 |  43.2
       D:10 |    2427 |    2004 |  45.2 |       9 |       2 |  18.2
       D:11 |    2582 |    1555 |  37.6 |      21 |       5 |  19.2
       D:12 |    5328 |    1916 |  26.4 |      29 |       4 |  12.1
    Ossuary |       0 |     551 | 100.0 |       0 |      34 | 100.0
     Bailey |       0 |     211 | 100.0 |       0 |      33 | 100.0
            +---------+---------+-------+---------+---------+-------
